 Dungeon Crawl Stone Soup version 0.25-a0-356-g7c9d860b3b (webtiles) character file.

Game seed: 7502867333447606167, levelgen mode: deterministic

77 Fingolfin the Skirmisher (level 4, -3/41 HPs)
             Began as a Draconian Transmuter on Jan 3, 2020.
             Slain by a centaur (4 damage)
             ... on level 3 of the Dungeon.
             The game lasted 00:06:39 (3399 turns).

Fingolfin the Skirmisher (Draconian Transmuter)     Turns: 3399, Time: 00:06:39

Health: -3/41      AC:  5    Str: 12    XL:     4   Next: 13%
Magic:  6/7        EV: 12    Int: 14    God:
Gold:   270        SH:  0    Dex: 12    Spells: 1/7 levels left

rFire    . . .     SeeInvis .   r - +0 short sword
rCold    . . .     Gourm    .   (no shield)
rNeg     . . .     Faith    .   (armour unavailable)
rPois    .         Spirit   .   (helmet restricted)
rElec    .         Reflect  .   (no cloak)
rCorr    .         Harm     .   (no gloves)
MR       .....                  (no boots)
Stlth    +.........             (no amulet)
HPRegen  0.13/turn              (no ring)
MPRegen  0.10/turn              (no ring)

@: appendage (expiring)
A: unfitting armour, horns 2, cold-blooded, AC +5
a: End Transformation


You were on level 3 of the Dungeon.
You were hungry.
You had grown temporary horns.
You visited 1 branch of the dungeon, and saw 3 of its levels.

You collected 270 gold pieces.

Inventory:

Hand Weapons
 r - a +0 short sword (weapon)
Missiles
 a - 23 arrows
 p - 202 stones (quivered)
 q - 12 poisoned darts
Scrolls
 c - 3 scrolls of identify {unknown}
 f - 2 scrolls of enchant armour {unknown}
 h - a scroll of fear {unknown}
 i - 3 scrolls of teleportation {unknown}
 j - 3 scrolls of remove curse {unknown}
 m - a scroll of immolation {unknown}
Potions
 d - 3 potions of curing {unknown}
 e - a potion of heal wounds {unknown}
 g - a potion of degeneration {unknown}
 n - a potion of flight {unknown}
Comestibles
 l - 3 rations


   Skills:
 + Level 4.4 Fighting
 - Level 1.7 Dodging
 - Level 3.0 Unarmed Combat
 - Level 2.0 Spellcasting
 - Level 2.0 Transmutations


You had one spell level left.
You knew the following spells:

 Your Spells              Type           Power        Failure   Level  Hunger
a - Beastly Appendage     Tmut           #.....       11%         1    ##.....
b - Sticks to Snakes      Tmut           #.......     16%         2    ###....
c - Spider Form           Tmut/Pois      #.........   43%         3    ####...

Your spell library contained the following spells:

 Spells                   Type           Power        Failure   Level  Hunger
 Magic Dart               Conj           #...         24%         1    ##.....
 Blink                    Tloc           N/A          34%         2    ###....
 Call Imp                 Summ           #.......     34%         2    ###....
 Slow                     Hex            #.......     34%         2    ###....
 Conjure Flame            Conj/Fire      #.......     56%         3    ####...
 Mephitic Cloud           Conj/Pois/Air  #.......     56%         3    ####...
 Ice Form                 Ice/Tmut       #.......     83%         4    #####..
 Blade Hands              Tmut           #.........   96%         5    ######.


Dungeon Overview and Level Annotations

Branches:
Dungeon (3/15)

Altars:
Ashenzari
Cheibriados
Qazlal


Innate Abilities, Weirdness & Mutations

Your plain brown scales are hard. (AC +5)
You cannot fit into any form of body armour.
You are cold-blooded and may be slowed by cold attacks.
You have a pair of horns on your head.


Message History

The centaur closely misses you.
You hit the centaur. You headbutt the centaur. You tail-slap the centaur.
The centaur is severely wounded.
Your transformation is almost over.
The centaur closely misses you. The centaur barely misses you.
You completely miss the centaur.
The centaur is severely wounded.
The centaur hits you but does no damage.
The centaur hits you!
* * * LOW HITPOINT WARNING * * *
You hit the centaur. Your headbutt misses the centaur.
The centaur is severely wounded.
The centaur hits you.
* * * LOW HITPOINT WARNING * * *
You closely miss the centaur.
You tail-slap the centaur, but do no damage.
The centaur is severely wounded.
The centaur hits you but does no damage.
The centaur hits you.
You die...

...................#
#...#...#...#...#..#
.................._#
#...#...#...#...#..#
...................#
#
####################
.# ..# #######.##
### #..c>?...# #
#..@$....# ####
#..(.....# ...#
#.(#..#.## ##.#
####(#..## #
#.########..((#.##
#.##.......####.#
#.##.####### .#
#....# ## ##.#..#


You could see a centaur.

Vanquished Creatures
  2 adders
  An ooze (D:2)
  A worm (D:3)
  A dart slug (D:2)
  2 leopard geckos
  4 giant cockroaches
  4 goblins
  3 hobgoblins (D:1)
  4 jackals
  3 quokkas
  9 bats
  3 frilled lizards
  7 kobolds
  3 rats (D:3)
  A bush (D:1)
48 creatures vanquished.

Notes
Turn   | Place    | Note
-------+----------+-------------------------------------------
     0 | D:1      | Fingolfin the Draconian Transmuter began the quest for the
                  | Orb.
     0 | D:1      | Reached XP level 1. HP: 16/16 MP: 3/3
   361 | D:1      | Reached skill level 2 in Fighting
   504 | D:1      | Reached XP level 2. HP: 25/25 MP: 5/5
   520 | D:1      | Found a shattered altar of Ashenzari.
  1557 | D:2      | Reached skill level 3 in Fighting
  1934 | D:2      | Reached XP level 3. HP: 29/31 MP: 6/6
  2166 | D:2      | Found a stormy altar of Qazlal.
  2198 | D:2      | Learned a level 2 spell: Sticks to Snakes
  2202 | D:2      | Learned a level 3 spell: Spider Form
  2453 | D:3      | Reached skill level 4 in Fighting
  2552 | D:3      | Found a snail-covered altar of Cheibriados.
  3084 | D:3      | Found a shattered altar of Ashenzari.
  3293 | D:3      | Reached XP level 4. HP: 36/41 MP: 5/7
  3386 | D:3      | Noticed a centaur
  3397 | D:3      | HP: 2/41 [centaur (8)]
  3399 | D:3      | Slain by a centaur

Levels and vault maps discovered:
D:1:      scummos_arrival_forest, layout_loops_ring, serial_forest,
          infiniplex_forest_straight_5, infiniplex_forest_straight_4,
          infiniplex_forest_fountain, infiniplex_forest_lined_3,
          infiniplex_forest_end_3, infiniplex_forest_clump_curved,
          nicolae_ashenzari_panopticon
D:2:      layout_rooms, grunt_qazlal_sundering
D:3:      layout_rooms, lemuel_coloured_pillars_altar, lemuel_doored_altar,
          first_ration, minmay_hedge_maze

Skill      XL: |  1  2  3 |
---------------+----------+-----
Fighting       | 2 3 4 |  4.4
Dodging        | |  1.7
Unarmed Combat | |  3.0
Spellcasting   | |  2.0
Transmutations | |  2.0

Action                   |  1- 3 |  4- 6 || total
-------------------------+-------+-------++-------
Melee: Dagger            |   365 |       ||   365
       Tailslap          |    71 |     3 ||    74
       Kick              |     7 |       ||     7
       Headbutt          |     1 |     2 ||     3
       Whip              |    87 |       ||    87
       Punch             |     4 |       ||     4
       Short sword       |    24 |    12 ||    36
 Cast: Beastly Appendage |     7 |     1 ||     8
 Stab: Sleeping          |     1 |       ||     1
  Eat: Chunk             |     5 |       ||     5
       Ration            |     1 |       ||     1
Armor: Skin              |    67 |     5 ||    72
Dodge: Dodged            |   185 |     9 ||   194

Table legend:
 A = Non-vault XP
 B = Vault XP
 C = Vault XP percentage of total XP
 D = Non-vault monster count
 E = Vault monster count
 F = Vault count percentage of total count
                 A         B        C        D         E       F
            +---------+---------+-------+---------+---------+-------
      Total |     110 |       0 |   0.0 |      47 |       0 |   0.0
            +---------+---------+-------+---------+---------+-------
        D:1 |      22 |       0 |   0.0 |      15 |       0 |   0.0
        D:2 |      45 |       0 |   0.0 |      16 |       0 |   0.0
        D:3 |      43 |       0 |   0.0 |      16 |       0 |   0.0
            +---------+---------+-------+---------+---------+-------
